 Dungeon Crawl Stone Soup version 0.18.1-5-g4a78601 (webtiles) character file.

137 shmeve the Shield-Bearer (level 5, -5/43 HPs)
             Began as a Formicid Fighter on May 13, 2016.
             Killed by divine providence
             ... invoked by an orc priest
              (12 damage)
             ... on level 3 of the Dungeon.
             The game lasted 00:05:14 (2756 turns).

shmeve the Shield-Bearer (Formicid Fighter)         Turns: 2756, Time: 00:05:14

Health: -5/43      AC:  6    Str: 22    XL:     5   Next: 44%
Magic:  5/5        EV:  8    Int:  7    God:
Gold:   204        SH:  9    Dex: 10    Spells: 0 memorised, 4 levels left

rFire  . . .     SeeInvis +     a - +0 war axe
rCold  . . .     Gourm    .     b - +0 scale mail
rNeg   . . .     Faith    .     c - +0 shield
rPois  .         Spirit   .     (helmet unavailable)
rElec  .         Dismiss  .     (no cloak)
rCorr  .         Reflect  .     (no gloves)
SustAt .         Harm     .     (no boots)
MR     .....                    (no amulet)
Stlth  ..........               (no ring)
                                r - ring of loudness (curse)

@: not resistant to hostile enchantments, extremely unstealthy
A: permanent stasis, dig shafts and tunnels, four strong arms, antennae 3
a: Dig, Shaft Self


You were on level 3 of the Dungeon.
You were hungry.

You visited 1 branch of the dungeon, and saw 3 of its levels.

You collected 204 gold pieces.

Inventory:

Hand Weapons
 a - a +0 war axe (weapon)
Armour
 b - a +0 scale mail (worn)
 c - a +0 shield (worn)
Jewellery
 r - a cursed ring of loudness (left hand)
Scrolls
 e - 3 scrolls of fear {unknown}
 h - 6 scrolls of remove curse {unknown}
 i - a scroll of enchant weapon {unknown}
 k - a scroll of identify {unknown}
 l - 2 scrolls of magic mapping {unknown}
 m - a scroll of recharging {unknown}
 p - a scroll of blinking {unknown}
 q - a scroll of teleportation {unknown}
Potions
 d - a potion of might
 g - a potion of lignification {unknown}
 n - a potion of invisibility {unknown}
 s - a potion of haste {unknown}
 t - a potion of cure mutation {unknown}
 u - 2 potions of flight {unknown}
 w - a potion of heal wounds {unknown}
Comestibles
 f - 2 bread rations
 j - 4 meat rations
 o - 2 beef jerkies


   Skills:
 * Level 4.3 Fighting
 * Level 3.1 Axes
 + Level 3.6 Armour
 + Level 1.4 Dodging
 * Level 4.4 Shields


You had 4 spell levels left.
You didn't know any spells.

Dungeon Overview and Level Annotations

Branches:
Dungeon (3/15)

Altars:


Innate Abilities, Weirdness & Mutations

You are under a permanent stasis effect.
You can dig through walls and to a lower floor.
Your four strong arms can wield two-handed weapons with a shield.
You have a pair of large antennae on your head (SInv).


Message History

The orc priest invokes the aid of Beogh against you.
You struggle to resist.
Your shield and scale mail prevent you from hitting the orc priest.
The orc priest is severely wounded.
The orc priest hits you but does no damage.
Unknown command.
You barely miss the orc priest.
The orc priest is heavily wounded.
The orc priest hits you but does no damage. x2
You hit the orc priest but do no damage.
The orc priest is heavily wounded.
The orc priest invokes the aid of Beogh against you.
Pain shoots through your body!
* * * LOW HITPOINT WARNING * * *
Unknown command.
You hit the orc priest.
The orc priest is severely wounded.
The orc priest invokes the aid of Beogh against you.
Beogh smites you!
You die...

.......##.# ..
.......##.# #.#
.......##.# ##.#
.......##.# #..###
..........# #..##
..........# #..#
####......###..# # #
#...........###l###..
#.....#####..@ooS....
#.....# ##.########
#.....# #...
####.....## ###.#
............. .#
############# #


You could see 2 orc priests, an adder and a giant newt.

Vanquished Creatures
  6 adders
  2 oozes
  2 worms (D:2)
  2 dart slugs (D:1)
  2 giant geckos (D:2)
  2 orcs (D:3)
  4 giant cockroaches
  10 goblins
  5 hobgoblins
  2 quokkas (D:2)
  10 bats
  A giant newt (D:1)
  11 kobolds
  3 rats
62 creatures vanquished.

Notes
Turn   | Place    | Note
--------------------------------------------------------------
     0 | D:1      | shmeve the Formicid Fighter began the quest for the Orb.
     0 | D:1      | Reached XP level 1. HP: 18/18 MP: 1/1
   182 | D:1      | Reached XP level 2. HP: 22/24 MP: 2/2
   562 | D:1      | You fall through a shaft!
   582 | D:2      | Reached XP level 3. HP: 24/29 MP: 3/3
   849 | D:2      | Reached skill level 1 in Dodging
   899 | D:2      | Reached XP level 4. HP: 34/37 MP: 4/4
  1614 | D:1      | Reached XP level 5. HP: 37/42 MP: 5/5
  2756 | D:3      | Killed from afar by an orc priest

Skill      XL: |  1  2  3  4  5 |
---------------+----------------+-----
Dodging        | 1 |  1.4
Fighting       | 4 |  4.3
Shields        | 4 |  4.4
Axes           | 3 |  3.1
Armour         | |  3.6

Action                   |  1- 3 |  4- 6 || total
-------------------------+-------+-------++-------
Melee: War axe           |   101 |   158 ||   259
  Eat: Chunk             |       |     6 ||     6
Armor: Scale mail        |    54 |    73 ||   127
Dodge: Dodged            |    35 |    62 ||    97
Block: Shield            |    69 |   109 ||   178
